 Dungeon Crawl Stone Soup version 0.15.2 (webtiles) character file.

315 HopeRidesAlone the Insei (level 6, -9/47 HPs)
             Began as a Mummy Monk on Oct 23, 2015.
             Mangled by Grinder (10 damage)
             ... on Level 4 of the Dungeon.
             The game lasted 00:14:03 (6873 turns).

HopeRidesAlone the Insei (Mummy Monk)               Turns: 6873, Time: 00:14:03

HP  -9/47        AC  3     Str 14      XL: 6   Next: 20%
MP   6/6         EV 13     Int  9      God:
Gold 212         SH  0     Dex 16      Spells:  0 memorised,  5 levels left

rFire  x . .     SeeInvis .       - Unarmed
rCold  + . .     Clarity  .     (no armour)
rNeg   + + +     rCorr    .     (no shield)
rPois  +         rRot     +     (no helmet)
rElec  .         Spirit   .     e - +2 cloak
SustAb .         Warding  .     (no gloves)
rMut   .         Stasis   .     (no boots)
Gourm  .                        m - amulet of rage
MR     .....                    (no ring)
                                (no ring)

@: not resistant to hostile enchantments, unstealthy
A: no food or potions, fire vulnerability, restore body, cold resistance 1,
negative energy resistance 3, poison resistance, torment resistance, unbreathing
a: no special abilities


You were on level 4 of the Dungeon.
You were not hungry.

You visited 1 branch of the dungeon, and saw 5 of its levels.

You collected 212 gold pieces.


Innate Abilities, Weirdness & Mutations

You do not eat or drink.
Your flesh is vulnerable to fire.
Your flesh is cold resistant.
You are immune to negative energy.
Your system is resistant to poisons.
You are immune to unholy pain and torment.
You can survive without breathing.


   Skills:
 - Level 3.0 Fighting
 - Level 2.4 Dodging
 - Level 1.5 Stealth
 + Level 6.2 Unarmed Combat


You had 5 spell levels left.
You didn't know any spells.

Inventory:

Armour
 e - a +2 cloak (worn)
Comestibles
 l - 5 meat rations (quivered)
Scrolls
 a - 3 scrolls of enchant weapon {unknown}
 c - a scroll of identify {@r1}
 f - 2 scrolls of remove curse {unknown}
 g - a scroll of noise {!r}
 h - 4 scrolls of immolation {unknown}
 i - 2 scrolls of amnesia {unknown}
 j - a scroll of blinking {unknown}
 k - a scroll of teleportation {unknown}
Jewellery
 m - an amulet of rage (around neck)

Dungeon Overview and Level Annotations

Branches:
Dungeon (5/15)
 Temple: D:4-7

Altars:
Kikubaaqudgha
Okawaru
Qazlal
Sif Muna
Vehumet
Yredelemnul

Annotations:
D:4 1 exclusion, Eustachio, Grinder
D:5 Dowan, Duvessa

........##.....#### ##..##
........##........######....#
........##....#.....##......#
........###.................#
........###.#._.#.......#...#
.........##..........####...#
..#####..##...#.....## #...#
### ##........5..## #..## #
##........M### .###
#..#####..## # #.## ##..# ##
##.# ##.## .## #.## ##.## #.#
### ##.# ### ###


You could see Grinder.


Message History

You are too injured to fight recklessly!
You are too injured to fight recklessly!
You are too injured to fight recklessly!
You are too injured to fight recklessly!
You hit Grinder.
Grinder is heavily wounded.
Grinder hits you.
* * * LOW HITPOINT WARNING * * *
You completely miss Grinder.
Grinder is heavily wounded.
Grinder barely misses you.
Read which item? (? for menu, Esc to quit)
As you read the scroll labeled ETOIGI COP SEID, it crumbles to dust.
It is a scroll of enchant armour.
Enchant which item? (? for menu, Esc to quit)
Your +1 cloak glows green for a moment.
Grinder hits you.
* * * LOW HITPOINT WARNING * * *
Read which item? (? for menu, Esc to quit)
As you read the scroll labeled BUAFRIHYAL, it crumbles to dust.
It is a scroll of recharging.
You aren't carrying any rechargeable items.
Grinder hits you.
* * * LOW HITPOINT WARNING * * *
Read which item? (? for menu, Esc to quit)
As you read the scroll labeled WAGHYVULIA, it crumbles to dust.
It is a scroll of identify.
Identify which item? (\ to view known items) (? for menu, Esc to quit)
g - a scroll of noise Grinder hits you!
You die...

Action                   |  1- 3 |  4- 6 || total
-------------------------+-------+-------++-------
Melee: Unarmed           |   142 |   393 ||   535
  Use: Scroll            |       |     3 ||     3
 Stab: Sleeping          |     2 |     2 ||     4
       Distracted        |       |     1 ||     1

Vault maps used:
D:1:      minmay_arrival_glassed_features, corexii_hall_statues_deadend,
          minmay_misc_feat_rows, corexii_hall_statues_t
D:2:      st_stairs_14, corexii_shack, uniq_jessica
D:3:      okawaru_metal_pillars_1_2, supply_closet_lemuel, lemuel_tele_altar,
          uniq_terence
D:4:      kennysheep_mini, lemuel_doored_altar, vehumet_altar_wand_db,
          uniq_duvessa, uniq_eustachio, uniq_grinder
D:5:      old_standard_altar, first_bread

Notes
Turn   | Place    | Note
--------------------------------------------------------------
     0 | D:1      | HopeRidesAlone, the Mummy Monk, began the quest for the Orb.
     0 | D:1      | Reached XP level 1. HP: 18/18 MP: 1/1
   458 | D:1      | Reached XP level 2. HP: 24/24 MP: 2/2
   979 | D:1      | Reached skill level 4 in Unarmed Combat
  1499 | D:2      | Reached XP level 3. HP: 22/29 MP: 3/3
  1922 | D:2      | Noticed Jessica
  1947 | D:2      | Killed Jessica
  1947 | D:2      | Reached XP level 4. HP: 33/35 MP: 4/4
  2192 | D:3      | Found an iron altar of Okawaru.
  2193 | D:3      | Noticed Terence
  2377 | D:1      | Killed Terence
  2377 | D:1      | Reached skill level 5 in Unarmed Combat
  3109 | D:3      | Reached XP level 5. HP: 21/41 MP: 5/5
  3351 | D:3      | Found an ancient bone altar of Kikubaaqudgha.
  4784 | D:4      | Found a radiant altar of Vehumet.
  4921 | D:4      | Noticed Grinder
  4942 | D:4      | HP: 2/41 [Grinder (6)]
  5303 | D:4      | Noticed Dowan
  5316 | D:4      | Found a stormy altar of Qazlal.
  5317 | D:4      | Noticed Duvessa
  5345 | D:5      | Entered Level 5 of the Dungeon
  5742 | D:5      | Reached skill level 6 in Unarmed Combat
  5866 | D:5      | Found a basalt altar of Yredelemnul.
  5923 | D:5      | Reached XP level 6. HP: 16/47 MP: 6/6
  6051 | D:5      | HP: 2/47 [Dowan/dagger (4)]
  6382 | D:4      | Noticed Eustachio
  6650 | D:4      | Found a deep blue altar of Sif Muna.
  6871 | D:4      | HP: 3/47 [Grinder (4)]
  6872 | D:4      | HP: 1/47 [Grinder (2)]
  6873 | D:4      | Mangled by Grinder

Vanquished Creatures
  2 worker ants
  An orc wizard (D:3)
  Jessica (D:2)
  Terence (D:1)
  8 adders
  2 giant mites
  A worm (D:2)
  An adder skeleton (D:4)
  7 giant geckos
  An ooze (D:3)
  5 orcs
  16 goblins
  11 hobgoblins
  11 jackals
  A quokka (D:3)
  2 ball pythons
  5 bats
  4 giant cockroaches
  A giant gecko skeleton (D:4)
  5 giant newts
  15 kobolds
  A kobold skeleton (D:5)
  9 rats
111 creatures vanquished.
